 Dungeon Crawl Stone Soup version 0.19.0-24-gb05acd6 (console) character file.

5 Jesseh the Magician (level 1, -1/13 HPs)
             Began as a Demonspawn Wizard on Nov 21, 2016.
             Slain by a gnoll
             ... wielding a +0 spear
              (4 damage)
             ... on level 1 of the Dungeon.
             The game lasted 00:01:41 (117 turns).

Jesseh the Magician (Demonspawn Wizard)              Turns: 117, Time: 00:01:41

Health: -1/13      AC:  2    Str:  7    XL:     1   Next: 66%
Magic:  1/4        EV: 12    Int: 19    God:
Gold:   10         SH:  0    Dex: 11    Spells: 1 memorised, 5 levels left

rFire  . . .     SeeInvis .     g - +0 short sword
rCold  . . .     Gourm    .     a - +0 robe
rNeg   . . .     Faith    .     (no shield)
rPois  .         Spirit   .     b - +0 hat
rElec  .         Reflect  .     (no cloak)
rCorr  .         Harm     .     (no gloves)
MR     .....                    (no boots)
Stlth  ++........               (no amulet)
                                (no ring)
                                (no ring)

@: no status effects
A: no striking features
a: no special abilities


You were on level 1 of the Dungeon.
You were not hungry.

You visited 1 branch of the dungeon, and saw 1 of its levels.

You collected 10 gold pieces.

Inventory:

Hand Weapons
 g - a +0 short sword (weapon)
   (You took it off a kobold on level 1 of the Dungeon)
Armour
 a - a +0 robe (worn)
 b - a +0 hat (worn)
Scrolls
 e - a scroll of blinking {unknown}
Books
 c - a book of Minor Magic
Comestibles
 d - 2 bread rations
 f - a chunk of flesh


   Skills:
 - Level 1.7 Dodging
 - Level 1.7 Stealth
 - Level 3.0 Spellcasting
 + Level 1.8 Conjurations
   Level 1.0 Summonings
   Level 0.8 Translocations


You had 5 spell levels left.
You knew the following spells:

 Your Spells              Type           Power        Failure   Level  Hunger
a - Magic Dart            Conj           #...         10%         1    None


Dungeon Overview and Level Annotations

Branches:
Dungeon (1/15)

Altars:


Message History

Welcome, Jesseh the Demonspawn Wizard.
It is said that the Orb of Zot exists deep within this dungeon.
Found a staircase leading out of the dungeon.
Currently training: Conjurations(1).
Choose a target skill level:
There is a fountain of clear blue water here.
A kobold comes into view. It is wielding a club.
Aim: a kobold, wielding a club (resting)
The magic dart hits the kobold.
You kill the kobold!
A giant cockroach comes into view.
Aim: a giant cockroach (clinging, resting)
The magic dart hits the giant cockroach.
Aim: a giant cockroach (heavily wounded)
The magic dart hits the giant cockroach.
Aim: a giant cockroach (almost dead, clinging)
The magic dart hits the giant cockroach.
You kill the giant cockroach!
You start resting.
You see here a club.
A rat comes into view.
Aim: a rat (resting)
The magic dart hits the rat.
You kill the rat!
e - a scroll labeled TIMPOF VUJIYMI You see here 27 stones.
d - 2 bread rations (gained 1)
You now have 10 gold pieces.
A bat comes into view.
The bat closely misses you. The bat closely misses you. The bat misses you.
Aim: a bat The magic dart hits the bat.
You miss the bat. The bat hits you. The bat barely misses you.
You barely miss the bat. The bat barely misses you.
Aim: a bat The magic dart hits the bat.
The bat hits you. The bat barely misses you.
You closely miss the bat. The bat closely misses you.
Aim: a bat (moderately wounded)
The magic dart hits the bat.
The bat completely misses you.
You hit the bat.
You kill the bat!
You see here a bat corpse.
You butcher the bat corpse.
f - a chunk of flesh Search for what [? for help]? weapon A kobold comes into view.
It is wielding a short sword.
Aim: a kobold, wielding a short sword (resting)
The magic dart hits the kobold.
You kill the kobold!
A short sword.
There is something else lying underneath.
The floor.
Unknown command.
Things that are here:
a short sword; 3 stones; a kobold corpse
g - a short sword Wield which item (- for none, * to show all)? (? for menu, Esc to quit)
g - a +0 short sword (weapon)
A gnoll comes into view. It is wielding a spear.
Aim: a gnoll, wielding a spear (resting)
The magic dart hits the gnoll.
The gnoll shouts!
A rat comes into view.
Aim: a gnoll, wielding a spear (moderately wounded)
The magic dart hits the gnoll.
The gnoll hits you from afar with a spear.
The gnoll barely misses you. The gnoll closely misses you.
You hit the rat. The rat bites you but does no damage.
The gnoll hits you from afar with a spear.
You closely miss the rat. The rat completely misses you.
The gnoll hits you from afar with a spear.
* * * LOW HITPOINT WARNING * * *
You hit the rat.
You kill the rat!
The gnoll hits you from afar with a spear.
You die...

▒▒▒▒▒▒▒ ▒▒ ...€... ▒▒▒
▒.. .......▒▒▒▒▒▒▒▒▒.▒
▒.. ............▒▒...▒
▒.. .......▒▒▒▒....▒.▒
▒.. ▒▒▒▒.▒▒▒▒▒▒▒▒▒.▒.▒.▒
▒..
.....g.6.(.....▒.▒.▒▒▒..
...▒..▒............(....
▒..............▒▒.▒▒...
..▒▒▒▒..........▒▒.▒▒.▒▒
▒ ▒..................
▒..................
▒▒......▒▒♣♣♣.♣♣♣▒▒
▒......▒ ♣⌠♣ ▒
..♣♣♣♣♣.♣♣♣♣♣


You could see a gnoll.

Vanquished Creatures
  A giant cockroach (D:1)
  A bat (D:1)
  2 kobolds (D:1)
  2 rats (D:1)
6 creatures vanquished.

Notes
Turn   | Place    | Note
-------+----------+-------------------------------------------
     0 | D:1      | Jesseh the Demonspawn Wizard began the quest for the Orb.
     0 | D:1      | Reached XP level 1. HP: 13/13 MP: 4/4
   116 | D:1      | HP: 3/13 [gnoll/spear (3)]
   117 | D:1      | Slain by a gnoll

Action                   || total
-------------------------++-------
Melee: Unarmed           ||     4
       Short sword       ||     3
 Cast: Magic Dart        ||    11
Armor: Robe              ||     1
Dodge: Dodged            ||    11

Vault maps used:
D:1:      scummos_arrival_forest

Table legend:
 A = Turns spent in this place as a percentage of turns spent in the entire game.
 B = Non-inter-level travel turns spent in this place as a percentage of non-inter-level travel turns spent in the entire game.
 C = Inter-level travel turns spent in this place as a percentage of turns spent in this place.
 D = Turns resting spent in this place as a percentage of non-inter-level travel turns spent in this place.
 E = Turns spent auto-exploring this place as a percentage of non-inter-level travel turns spent in this place.
 F = Non-inter-level travel turns spent in this place divided by the number of levels of this place that you've seen.
                   A       B       C       D       E      F
               +-------+-------+-------+-------+-------+----------------------
         Total | 100.0 | 100.0 |   1.4 |   2.7 |   4.1 |  73.0
       Dungeon | 100.0 | 100.0 |   1.4 |   2.7 |   4.1 |  73.0
               +-------+-------+-------+-------+-------+----------------------

Table legend:
 A = Kills in this place as a percentage of kills in entire the game.
 B = Kills by you in this place as a percentage of kills by you in the entire game.
 C = Kills by friends in this place as a percentage of kills by friends in the entire game.
 D = Other kills in this place as a percentage of other kills in the entire game.
 E = Experience gained in this place as a percentage of experience gained in the entire game.
 F = Experience gained in this place divided by the number of levels of this place that you have seen.
                   A       B       C       D       E      F
               +-------+-------+-------+-------+-------+----------------------
         Total | 100.0 | 100.0 |  -nan |  -nan | 100.0 |   8.0
       Dungeon | 100.0 | 100.0 |  -nan |  -nan | 100.0 |   8.0
               +-------+-------+-------+-------+-------+----------------------
